 Dungeon Crawl Stone Soup version 0.25.1-8-g42b30a86e7 (webtiles) character file.

Game seed: 16013533340811195388

156 fitz the Chopper (level 5, -1/46 HPs)
             Began as a Deep Dwarf Fighter on Dec 11, 2020.
             Slain by an ogre
             ... wielding a +0 giant club
              (12 damage)
             ... on level 4 of the Dungeon.
             The game lasted 00:03:03 (2011 turns).

fitz the Chopper (Deep Dwarf Fighter)               Turns: 2011, Time: 00:03:04

Health: -1/46      AC:  9    Str: 21    XL:     5   Next: 15%
Magic:  5/5        EV:  7    Int:  8    God:
Gold:   178        SH:  9    Dex: 12    Spells: 4/4 levels left

rFire    . . .     SeeInvis .   a - +0 war axe
rCold    . . .     Gourm    .   c - +0 kite shield
rNeg     . . .     Faith    .   b - +0 scale mail
rPois    .         Spirit   .   (no helmet)
rElec    .         Reflect  .   x - +0 cloak
rCorr    .         Harm     .   (no gloves)
MR       +....                  g - +0 pair of boots
Stlth    ..........             (no amulet)
HPRegen  0.00/turn              t - ring of protection from magic
MPRegen  0.09/turn              (no ring)

@: mighty, non-regenerating
A: damage resistance, heal wounds, sense surroundings 1, no regeneration
a: Heal Wounds


You were on level 4 of the Dungeon.
You were not hungry.

You visited 1 branch of the dungeon, and saw 4 of its levels.

You collected 178 gold pieces.

Inventory:

Hand Weapons
 a - a +0 war axe (weapon)
Armour
 b - a +0 scale mail (worn)
 c - a +0 kite shield (worn)
 g - a +0 pair of boots (worn)
 x - a +0 cloak (worn)
Jewellery
 t - a ring of protection from magic (left hand)
Wands
 r - a wand of digging (7)
Scrolls
 e - 7 scrolls of identify {unknown}
 k - a scroll of remove curse
 m - a scroll of teleportation
Potions
 i - 4 potions of curing {unknown}
 j - 2 potions of resistance {unknown}
 l - a potion of mutation {unknown}
 n - 2 potions of heal wounds {unknown}
 p - 2 potions of stabbing {unknown}
 q - a potion of cancellation {unknown}
 v - a potion of flight {unknown}
Comestibles
 f - 4 rations
 h - 3 chunks of flesh


   Skills:
 - Level 2.6 Fighting
 + Level 6.0 Axes
 - Level 3.2 Armour
 - Level 3.2 Shields


You had 4 spell levels left.
You didn't know any spells.
Your spell library was empty.

Dungeon Overview and Level Annotations

Branches:
Dungeon (4/15)
 Temple: D:4-7

Altars:


Innate Abilities, Weirdness & Mutations

You are resistant to damage.
You can heal yourself by infusing magical energy.
You passively map a small area around you.
You do not regenerate.


Message History

You block the gnoll's attack.
You hit the gnoll.
The gnoll is moderately wounded.
The gnoll barely misses you.
You closely miss the gnoll.
The gnoll is moderately wounded.
The gnoll barely misses you.
You slash the gnoll!
You kill the gnoll!
Your Axes skill increases to level 6!
You hit the ogre.
The ogre is moderately wounded.
The ogre hits you with a +0 giant club!
* * * LOW HITPOINT WARNING * * *
A gnoll comes into view. It is wielding a +0 whip.
You block the gnoll's attack.
You feel very mighty all of a sudden.
The gnoll shouts!
You block the gnoll's attack. The ogre hits you with a +0 giant club!
You die...

..............#
.....###.###.§§§§
....#.......#.##.....##*
###.§§
...##....##............,,
, ##.. ...
#.....#............, ,
#..
#..*###................ *
#.. #.# #...............
* * ... ##
##..##......... , ...
#....##.....####### ,
###.###....@Ogg..8. * ###
##.#######.g. ### ,,, , *
**


You could see an ogre and 3 gnolls.

Vanquished Creatures
  A centaur skeleton (D:4)
  A gnoll (D:4)
  6 adders
  A worm (D:4)
  A dart slug (D:1)
  2 leopard geckos (D:1)
  2 ball pythons
  2 giant cockroaches
  6 goblins
  5 hobgoblins
  7 jackals
  A quokka (D:3)
  11 bats
  A frilled lizard (D:3)
  6 kobolds
  9 rats
62 creatures vanquished.

Notes
Turn   | Place    | Note
-------+----------+-------------------------------------------
     0 | D:1      | fitz the Deep Dwarf Fighter began the quest for the Orb.
     0 | D:1      | Reached XP level 1. HP: 20/20 MP: 1/1
   161 | D:1      | Reached skill level 3 in Axes
   161 | D:1      | Reached XP level 2. HP: 24/27 MP: 2/2
   590 | D:1      | Reached XP level 3. HP: 27/33 MP: 3/3
   839 | D:2      | Reached skill level 4 in Axes
  1365 | D:3      | Reached XP level 4. HP: 33/40 MP: 4/4
  1492 | D:3      | Reached skill level 5 in Axes
  1953 | D:4      | Reached XP level 5. HP: 23/46 MP: 5/5
  2003 | D:4      | Noticed an ogre
  2009 | D:4      | Reached skill level 6 in Axes
  2011 | D:4      | Slain by an ogre

Illustrated notes

Levels and vault maps discovered:
D:1:      lightli_arrival_chessboard, layout_basic, minmay_pentomino_o4
D:2:      layout_loops_cross, first_ration
D:3:      layout_rooms
D:4:      layout_cave_pools, minmay_temple_entry_glassed_door,
          serial_column_ruins, column_ruins_square_medium, column_ruins_hut,
          column_ruins_open_small, column_ruins_open_tiny,
          column_ruins_columns_corner, column_ruins_open_medium,
          column_ruins_grid_1, column_ruins_open_tiny, serial_shops, shop

Skill      XL: |  1  2  3  4  5 |
---------------+----------------+-----
Axes           | 3 4 5 6 |  6.0
Fighting       | |  2.6
Armour         | |  3.2
Shields        | |  3.2

Action                   |  1- 3 |  4- 6 || total
-------------------------+-------+-------++-------
Melee: War axe           |   114 |   100 ||   214
  Use: Scroll            |       |     5 ||     5
       Potion            |       |     1 ||     1
  Eat: Chunk             |     2 |     2 ||     4
Armor: Scale mail        |    77 |    70 ||   147
Dodge: Dodged            |    50 |    47 ||    97
Block: Kite shield       |    58 |    63 ||   121
